TOP OF THE 1ST |
Grand Junction Rockies batting - Pitching for Washington (APP) Nationals : LHP Mike Rosas
|
Pitching: LHP Mike Rosas
|
|
Batting: RHB Juan Figueroa
|
0-0: Called Strike 0-1: Called Strike 0-2: Ball 1-2: Ball 2-2: Ball 3-2: Foul Ball, location: 2F 3-2: Base on Balls
|
Batting: RHB John Boyer
|
0-0: Called Strike 0-1: TRIPLE (Flyball, 8RXD, EV 94.4 MPH) Juan Figueroa scores
|
Batting: RHB Henry Alvizo
|
0-0: Foul Ball, location: 2F 0-1: Swinging Strike 0-2: Ball 1-2: Fly out, F7 (Flyball, 78S, EV 76.9 MPH)
|
Batting: RHB Ryan Rinaldi
|
0-0: Hit by Pitch
|
Batting: RHB Willis Morales
|
0-0: Ball Ryan Rinaldi is caught stealing 2nd base 2-4 1-0: Ball 2-0: Foul Ball, location: 2F 2-1: Foul Ball, location: 2F 2-2: Ground out 6-3 (Groundball, 6, EV 86.2 MPH)
|
Top of the 1st over - 1 run, 1 hit, 0 errors, 1 left on base; Grand Junction 1 - Washington (APP) 0 |
BOTTOM OF THE 1ST |
Washington (APP) Nationals batting - Pitching for Grand Junction Rockies : LHP Kyle Mearkle
|
Pitching: LHP Kyle Mearkle
|
|
Batting: RHB Antonio Morado
|
0-0: Called Strike 0-1: Ball 1-1: Ball 2-1: Foul Ball, location: 2F 2-2: SOLO HOME RUN (Flyball, 9D, EV 96.2 MPH), Distance : 362 ft
|
Batting: RHB Chad Madsen
|
0-0: Called Strike 0-1: Fly out, F9 (Flyball, 89S, EV 90.0 MPH)
|
Batting: RHB Bobby Bricker
|
0-0: Ball 1-0: Ball 2-0: Called Strike 2-1: Ball 3-1: Foul Ball, location: 2F 3-2: Foul Ball, location: 2F 3-2: Foul Ball, location: 2F 3-2: Fly out, F7 (Flyball, 7LM, EV 105.0 MPH)
|
Batting: RHB Leo Gutierrez
|
0-0: Ball 1-0: SINGLE (Line Drive, 9S, EV 96.9 MPH)
|
Batting: LHB Vince McLane
|
0-0: Ball 1-0: Called Strike 1-1: Ball Leo Gutierrez is caught stealing 2nd base 2-6
|
Bottom of the 1st over - 1 run, 2 hits, 0 errors, 0 left on base; Grand Junction 1 - Washington (APP) 1 |
TOP OF THE 2ND |
Grand Junction Rockies batting - Pitching for Washington (APP) Nationals : LHP Mike Rosas
|
Batting: SHB Bobby Santor
|
0-0: Ball 1-0: Ball 2-0: SOLO HOME RUN (Flyball, 78XD, EV 115.0 MPH), Distance : 434 ft
|
Batting: RHB John Stevenson
|
0-0: Ball 1-0: SINGLE (Groundball, 56S, EV 98.1 MPH)
|
Batting: LHB Eddie Gonzalez
|
0-0: Foul Ball, location: 2F 0-1: Ball 1-1: TRIPLE (Line Drive, 89XD, EV 108.1 MPH) John Stevenson scores
|
Batting: RHB Chris Kinder
|
0-0: Ball Wild Pitch! Eddie Gonzalez scores 1-0: Ball 2-0: Foul Ball, location: 2F 2-1: Ground out 6-3 (Groundball, 6, EV 87.5 MPH)
|
Batting: RHB Juan Figueroa
|
0-0: Ball 1-0: Called Strike 1-1: Ground out 6-3 (Groundball, 6, EV 84.4 MPH)
|
Batting: RHB John Boyer
|
0-0: Ball 1-0: Foul Ball, location: 2F 1-1: Ball 2-1: Foul Ball, location: 2F 2-2: Foul Ball, location: 2F 2-2: Ground out 6-3 (Groundball, 6, EV 105.6 MPH)
|
Top of the 2nd over - 3 runs, 3 hits, 0 errors, 0 left on base; Grand Junction 4 - Washington (APP) 1 |
BOTTOM OF THE 2ND |
Washington (APP) Nationals batting - Pitching for Grand Junction Rockies : LHP Kyle Mearkle
|
Batting: LHB Vince McLane
|
0-0: Ground out 5-3 (Groundball, 56, EV 105.0 MPH)
|
Batting: RHB Justin Davenport
|
0-0: Called Strike 0-1: Ball 1-1: Foul Ball, location: 2F 1-2: Strikes out looking
|
Batting: RHB Jason Ewert
|
0-0: Called Strike 0-1: Called Strike 0-2: Ball 1-2: Foul Ball, location: 2F 1-2: Fly out, F4 (Flyball, 34D, EV 74.4 MPH)
|
Bottom of the 2nd over - 0 runs, 0 hits, 0 errors, 0 left on base; Grand Junction 4 - Washington (APP) 1 |
TOP OF THE 3RD |
Grand Junction Rockies batting - Pitching for Washington (APP) Nationals : LHP Mike Rosas
|
Batting: RHB Henry Alvizo
|
0-0: Ball 1-0: Foul Ball, location: 2F 1-1: SINGLE (Groundball, 56D, EV 102.5 MPH)
|
Batting: RHB Ryan Rinaldi
|
0-0: Ball 1-0: Ball Henry Alvizo steals 2nd base 2-0: Swinging Strike 2-1: SINGLE (Flyball, 78S, EV 95.6 MPH) Henry Alvizo to third
|
Batting: RHB Willis Morales
|
0-0: Ball 1-0: Ball 2-0: Ball 3-0: Base on Balls Ryan Rinaldi to second
|
Batting: SHB Bobby Santor
|
0-0: Ball Wild Pitch! Henry Alvizo scores Ryan Rinaldi to third Willis Morales to second 1-0: Ball 2-0: Foul Ball, location: 2F 2-1: Foul Ball, location: 2F 2-2: Ball 3-2: 3-RUN HOME RUN (Flyball, 89XD, EV 100.0 MPH), Distance : 404 ft
|
Pitching: RHP Matt Seivert
|
|
Batting: RHB John Stevenson
|
0-0: Foul Ball, location: 2F 0-1: Ball 1-1: Ball 2-1: Ball 3-1: Base on Balls
|
Batting: LHB Eddie Gonzalez
|
0-0: Ball 1-0: Grounds into double play, 5-4-3 (Groundball, 5, EV 86.2 MPH)
|
Batting: RHB Chris Kinder
|
0-0: Foul Ball, location: 2F 0-1: Called Strike 0-2: Ground out U3 (Groundball, 34, EV 90.6 MPH)
|
Top of the 3rd over - 4 runs, 3 hits, 0 errors, 0 left on base; Grand Junction 8 - Washington (APP) 1 |
BOTTOM OF THE 3RD |
Washington (APP) Nationals batting - Pitching for Grand Junction Rockies : LHP Kyle Mearkle
|
Batting: LHB Jim Weidman
|
0-0: Ball 1-0: Ball 2-0: Ball 3-0: Called Strike 3-1: Hit by Pitch
|
Batting: RHB Brian Walker
|
0-0: Ball 1-0: Swinging Strike 1-1: Ball 2-1: Swinging Strike 2-2: Ball 3-2: DOUBLE (Flyball, 8LXD, EV 103.8 MPH) Jim Weidman to third
|
Batting: RHB Antonio Morado
|
0-0: Called Strike 0-1: Called Strike 0-2: Foul Ball, location: 2F 0-2: Ground out 5-3 (Groundball, 56S, EV 81.2 MPH) Jim Weidman scores
|
Batting: RHB Chad Madsen
|
0-0: Ball 1-0: Ball 2-0: Fly out, F9 (Line Drive, 9, EV 88.8 MPH)
|
Batting: RHB Bobby Bricker
|
0-0: Ball 1-0: Swinging Strike 1-1: Foul Ball, location: 2F 1-2: Ball 2-2: Ball 3-2: Foul Ball, location: 2F 3-2: Base on Balls
|
Batting: RHB Leo Gutierrez
|
0-0: Foul Ball, location: 2F 0-1: Ball 1-1: Ball 2-1: DOUBLE (Line Drive, 3D, EV 98.1 MPH) Brian Walker scores Bobby Bricker to third Runner from 3rd tries for Home, throw by RF and OUT! 9-4-2
|
Bottom of the 3rd over - 2 runs, 2 hits, 0 errors, 1 left on base; Grand Junction 8 - Washington (APP) 3 |
TOP OF THE 4TH |
Grand Junction Rockies batting - Pitching for Washington (APP) Nationals : RHP Matt Seivert
|
Batting: RHB Juan Figueroa
|
0-0: Ball 1-0: Ball 2-0: Swinging Strike 2-1: Foul Ball, location: 2F 2-2: Strikes out looking
|
Batting: RHB John Boyer
|
0-0: Ball 1-0: Called Strike 1-1: Ball 2-1: Called Strike 2-2: Ground out 5-3 (Groundball, 5, EV 87.5 MPH)
|
Batting: RHB Henry Alvizo
|
0-0: Foul Ball, location: 2F 0-1: Ball 1-1: Foul Ball, location: 2F 1-2: Ball 2-2: DOUBLE (Line Drive, 89D, EV 100.0 MPH)
|
Batting: RHB Ryan Rinaldi
|
0-0: Ball 1-0: Ball 2-0: Called Strike 2-1: Foul Ball, location: 2F 2-2: Strikes out swinging
|
Top of the 4th over - 0 runs, 1 hit, 0 errors, 1 left on base; Grand Junction 8 - Washington (APP) 3 |
BOTTOM OF THE 4TH |
Washington (APP) Nationals batting - Pitching for Grand Junction Rockies : LHP Kyle Mearkle
|
Batting: LHB Vince McLane
|
0-0: Ground out 4-3 (Groundball, 34, EV 93.8 MPH)
|
Batting: RHB Justin Davenport
|
0-0: Ball 1-0: Foul Ball, location: 2F 1-1: Foul Ball, location: 2F 1-2: Foul Ball, location: 2F 1-2: Strikes out looking
|
Batting: RHB Jason Ewert
|
0-0: Swinging Strike 0-1: Called Strike 0-2: Strikes out looking
|
Bottom of the 4th over - 0 runs, 0 hits, 0 errors, 0 left on base; Grand Junction 8 - Washington (APP) 3 |
TOP OF THE 5TH |
Grand Junction Rockies batting - Pitching for Washington (APP) Nationals : RHP Matt Seivert
|
Batting: RHB Willis Morales
|
0-0: Ball 1-0: Called Strike 1-1: Swinging Strike 1-2: Ball 2-2: Ball 3-2: Strikes out swinging
|
Pitching: RHP John Kovach
|
|
Batting: SHB Bobby Santor
|
0-0: Ball 1-0: Foul Ball, location: 2F 1-1: Swinging Strike 1-2: Foul Ball, location: 2F 1-2: Ball 2-2: Ball 3-2: Base on Balls
|
Batting: RHB John Stevenson
|
Pickoff Throw to First - Out! 1-3 0-0: Ball 1-0: Ball 2-0: Foul Ball, location: 2F 2-1: Ball 3-1: Base on Balls
|
Batting: LHB Eddie Gonzalez
|
0-0: Ball Pickoff Throw by Catcher to First - Error! E2 John Stevenson to second 1-0: Foul Ball, location: 2F 1-1: Ball Balk! John Stevenson to third 2-1: Foul Ball, location: 2F 2-2: Ball 3-2: Foul Ball, location: 2F 3-2: Fly out, F5 (Line Drive, 5, EV 66.9 MPH)
|
Top of the 5th over - 0 runs, 0 hits, 1 error, 1 left on base; Grand Junction 8 - Washington (APP) 3 |
BOTTOM OF THE 5TH |
Washington (APP) Nationals batting - Pitching for Grand Junction Rockies : LHP Kyle Mearkle
|
Batting: LHB Jim Weidman
|
0-0: Ball 1-0: Called Strike 1-1: Ground out U3 (Groundball, 34, EV 103.8 MPH)
|
Batting: RHB Brian Walker
|
0-0: Foul Ball, location: 2F 0-1: Foul Ball, location: 2F 0-2: Hit by Pitch
|
Batting: RHB Antonio Morado
|
0-0: Foul Ball, location: 2F 0-1: Ball 1-1: Ball Passed Ball! Brian Walker to second 2-1: Reached on error, E3 (Groundball, 34S, EV 83.1 MPH) Brian Walker to third
|
Pitching: RHP Melvin Pena
|
|
Batting: RHB Chad Madsen
|
0-0: Ball 1-0: Ball Antonio Morado steals 2nd base 2-0: Foul Ball, location: 2F 2-1: Called Strike 2-2: Foul Ball, location: 2F 2-2: SINGLE (Groundball, 6MS, EV 77.5 MPH) (infield hit) Brian Walker scores Antonio Morado to third
|
Batting: RHB Bobby Bricker
|
0-0: Called Strike 0-1: Called Strike 0-2: Ball 1-2: SINGLE (Groundball, 4MD, EV 103.1 MPH) Antonio Morado scores Chad Madsen to second Chad Madsen to third
|
Batting: RHB Leo Gutierrez
|
0-0: Called Strike Bobby Bricker steals 2nd, throwing error, E2 Chad Madsen scores Bobby Bricker to third 0-1: Ball 1-1: Swinging Strike 1-2: Fly out, F9 (Flyball, 9S, EV 73.8 MPH)
|
Batting: LHB Vince McLane
|
0-0: SINGLE (Flyball, 56D, EV 88.1 MPH) Bobby Bricker scores
|
Batting: RHB Justin Davenport
|
0-0: Ball Vince McLane steals 2nd base 1-0: Foul Ball, location: 2F 1-1: Called Strike 1-2: Foul Ball, location: 2F 1-2: Ball 2-2: Ball 3-2: Foul Ball, location: 2F 3-2: Strikes out swinging
|
Bottom of the 5th over - 4 runs, 3 hits, 2 errors, 1 left on base; Grand Junction 8 - Washington (APP) 7 |
TOP OF THE 6TH |
Grand Junction Rockies batting - Pitching for Washington (APP) Nationals : RHP John Kovach
|
Batting: RHB Chris Kinder
|
0-0: Ball 1-0: Ball 2-0: Ball 3-0: Base on Balls
|
Pitching: RHP Chris Mosley
|
|
Batting: RHB Juan Figueroa
|
0-0: Ball 1-0: Ball Passed Ball! Chris Kinder to second 2-0: Ball 3-0: Called Strike 3-1: Base on Balls
|
Batting: RHB John Boyer
|
0-0: Foul Ball, location: 2F 0-1: Grounds into double play, 6-4-3 (Groundball, 6, EV 84.4 MPH) Chris Kinder to third
|
Batting: RHB Henry Alvizo
|
0-0: Intentional Walk
|
Batting: RHB Ryan Rinaldi
|
0-0: Called Strike 0-1: Ball 1-1: Ball 2-1: Fly out, F7 (Flyball, 7LM, EV 82.5 MPH)
|
Top of the 6th over - 0 runs, 0 hits, 0 errors, 2 left on base; Grand Junction 8 - Washington (APP) 7 |
BOTTOM OF THE 6TH |
Washington (APP) Nationals batting - Pitching for Grand Junction Rockies : RHP Melvin Pena
|
Batting: RHB Jason Ewert
|
0-0: Ball 1-0: Ground out U3 (Groundball, 34, EV 92.5 MPH)
|
Batting: LHB Jim Weidman
|
0-0: Foul Ball, location: 2F 0-1: Ball 1-1: Foul Ball, location: 2F 1-2: Ball 2-2: Ground out 6-3 (Groundball, 4, EV 79.4 MPH)
|
Batting: RHB Brian Walker
|
0-0: Ball 1-0: Ball 2-0: Called Strike 2-1: Ground out 1-3 (Groundball, P, EV 61.2 MPH)
|
Bottom of the 6th over - 0 runs, 0 hits, 0 errors, 0 left on base; Grand Junction 8 - Washington (APP) 7 |
TOP OF THE 7TH |
Grand Junction Rockies batting - Pitching for Washington (APP) Nationals : RHP Chris Mosley
|
Batting: RHB Willis Morales
|
0-0: Foul Ball, location: 2F 0-1: Ball 1-1: Fly out, F3 (Line Drive, 3, EV 71.2 MPH)
|
Batting: SHB Bobby Santor
|
0-0: Foul Ball, location: 2F 0-1: Ball 1-1: Called Strike 1-2: Ball 2-2: Ball 3-2: Foul Ball, location: 2F 3-2: Foul Ball, location: 2F 3-2: SOLO HOME RUN (Flyball, 89XD, EV 106.2 MPH), Distance : 408 ft
|
Batting: RHB John Stevenson
|
0-0: DOUBLE (Line Drive, 8LD, EV 95.0 MPH)
|
Pinch Runner at 2nd Zack Guillen:
|
|
Batting: LHB Eddie Gonzalez
|
0-0: Intentional Walk
|
Batting: RHB Chris Kinder
|
0-0: Swinging Strike 0-1: Ball 1-1: Swinging Strike 1-2: Ball 2-2: Strikes out looking
|
Batting: RHB Juan Figueroa
|
0-0: Called Strike 0-1: Foul Ball, location: 2F 0-2: Fly out, F9 (Flyball, 9LM, EV 105.6 MPH)
|
Top of the 7th over - 1 run, 2 hits, 0 errors, 2 left on base; Grand Junction 9 - Washington (APP) 7 |
BOTTOM OF THE 7TH |
Washington (APP) Nationals batting - Pitching for Grand Junction Rockies : RHP Melvin Pena
|
Pitching: RHP Vas Karamyshev
|
|
Now in LF: Elias Urbina
|
|
Now in CF: Eddie Gonzalez
|
|
Batting: RHB Antonio Morado
|
0-0: Called Strike 0-1: Ball 1-1: Foul Ball, location: 2F 1-2: Foul Ball, location: 2F 1-2: Strikes out looking
|
Pitching: LHP Ryan Morlan
|
|
Batting: RHB Chad Madsen
|
0-0: Called Strike 0-1: Ball 1-1: Foul Ball, location: 2F 1-2: Strikes out looking
|
Batting: RHB Bobby Bricker
|
0-0: Called Strike 0-1: Called Strike 0-2: Ball 1-2: Foul Ball, location: 2F 1-2: Strikes out looking
|
Bottom of the 7th over - 0 runs, 0 hits, 0 errors, 0 left on base; Grand Junction 9 - Washington (APP) 7 |
TOP OF THE 8TH |
Grand Junction Rockies batting - Pitching for Washington (APP) Nationals : RHP Chris Mosley
|
Pitching: RHP Matt Norris
|
|
Batting: RHB John Boyer
|
0-0: Ball 1-0: Ball 2-0: Ball 3-0: Called Strike 3-1: Foul Ball, location: 2F 3-2: Foul Ball, location: 2F 3-2: Foul Ball, location: 2F 3-2: SINGLE (Line Drive, 78M, EV 110.6 MPH)
|
Batting: RHB Henry Alvizo
|
0-0: Called Strike 0-1: Fly out, F9 (Flyball, 9S, EV 90.6 MPH)
|
Batting: RHB Ryan Rinaldi
|
0-0: Called Strike 0-1: Ball 1-1: Ball 2-1: Ball 3-1: Base on Balls John Boyer to second
|
Batting: RHB Willis Morales
|
0-0: Swinging Strike 0-1: Called Strike 0-2: Ball 1-2: SINGLE (Groundball, 6MD, EV 109.4 MPH) John Boyer to third Ryan Rinaldi to second Runner from 3rd tries for Home, SAFE, throw by CF to home
|
Batting: SHB Bobby Santor
|
0-0: Ball 1-0: Called Strike Ryan Rinaldi is caught stealing 3rd base 2-5 Willis Morales to second 1-1: Intentional Walk
|
Batting: RHB Elias Urbina
|
0-0: Called Strike 0-1: Ball 1-1: Foul Ball, location: 2F 1-2: Ball 2-2: Ball 3-2: 3-RUN HOME RUN (Flyball, 7D, EV 97.5 MPH), Distance : 381 ft
|
Pitching: RHP Nate Vandergriff
|
|
Batting: LHB Eddie Gonzalez
|
0-0: Ball 1-0: Called Strike 1-1: Ground out 1-3 (Groundball, 15S, EV 62.5 MPH)
|
Top of the 8th over - 4 runs, 3 hits, 0 errors, 0 left on base; Grand Junction 13 - Washington (APP) 7 |
BOTTOM OF THE 8TH |
Washington (APP) Nationals batting - Pitching for Grand Junction Rockies : LHP Ryan Morlan
|
Batting: RHB Leo Gutierrez
|
0-0: Ball 1-0: Foul Ball, location: 2F 1-1: Hit by Pitch
|
Batting: LHB Vince McLane
|
0-0: Foul Ball, location: 2F 0-1: SINGLE (Groundball, 4MD, EV 103.1 MPH) Leo Gutierrez to second
|
Batting: RHB Justin Davenport
|
0-0: Swinging Strike 0-1: Ball 1-1: Foul Ball, location: 2F 1-2: Strikes out looking
|
Pitching: RHP Dane Long
|
|
Batting: RHB Jason Ewert
|
0-0: DOUBLE (Line Drive, 7LM, EV 87.5 MPH) Leo Gutierrez scores Vince McLane to third
|
Batting: LHB Jim Weidman
|
0-0: Ball 1-0: Called Strike 1-1: Swinging Strike 1-2: Ground out 3-1 (Groundball, 34S, EV 81.9 MPH) Vince McLane scores Jason Ewert to third
|
Batting: RHB Brian Walker
|
0-0: Fly out, F8 (Flyball, 78D, EV 101.9 MPH)
|
Bottom of the 8th over - 2 runs, 2 hits, 0 errors, 1 left on base; Grand Junction 13 - Washington (APP) 9 |
TOP OF THE 9TH |
Grand Junction Rockies batting - Pitching for Washington (APP) Nationals : RHP Nate Vandergriff
|
Batting: RHB Chris Kinder
|
0-0: Ball 1-0: Called Strike 1-1: Foul Ball, location: 2F 1-2: Strikes out swinging
|
Batting: RHB Juan Figueroa
|
0-0: Ball 1-0: Ball 2-0: Called Strike 2-1: Swinging Strike 2-2: Foul Ball, location: 2F 2-2: Strikes out swinging
|
Batting: RHB John Boyer
|
0-0: Ball 1-0: Foul Ball, location: 2F 1-1: Ball 2-1: Swinging Strike 2-2: Ball 3-2: Base on Balls
|
Batting: RHB Henry Alvizo
|
0-0: Ball 1-0: Ball 2-0: Ball 3-0: Base on Balls John Boyer to second
|
Pitching: LHP Johnny Busse
|
|
Batting: RHB Ryan Rinaldi
|
0-0: Foul Ball, location: 2F 0-1: Ball 1-1: Foul Ball, location: 2F 1-2: Foul Ball, location: 2F 1-2: Ball 2-2: Fly out, F8 (Flyball, 8RS, EV 86.2 MPH)
|
Top of the 9th over - 0 runs, 0 hits, 0 errors, 2 left on base; Grand Junction 13 - Washington (APP) 9 |
BOTTOM OF THE 9TH |
Washington (APP) Nationals batting - Pitching for Grand Junction Rockies : RHP Dane Long
|
Pitching: RHP Jim Butler
|
|
Now at 3B: Matt Cone
|
|
Batting: RHB Antonio Morado
|
0-0: Foul Ball, location: 2F 0-1: Foul Ball, location: 2F 0-2: Foul Ball, location: 2F 0-2: Foul Ball, location: 2F 0-2: Ball 1-2: Foul Ball, location: 2F 1-2: Ground out 6-3 (Groundball, 6, EV 78.1 MPH)
|
Batting: RHB Chad Madsen
|
0-0: Called Strike 0-1: Ball 1-1: Foul Ball, location: 2F 1-2: Foul Ball, location: 2F 1-2: Foul Ball, location: 2F 1-2: Ball 2-2: Ball 3-2: Base on Balls
|
Batting: RHB Bobby Bricker
|
0-0: Ball 1-0: Swinging Strike 1-1: Swinging Strike 1-2: Fly out, F8 (Flyball, 8RXD, EV 98.8 MPH)
|
Batting: RHB Leo Gutierrez
|
0-0: Called Strike 0-1: Hit by Pitch Chad Madsen to second
|
Pitching: RHP Mitch Guerrero
|
|
Now at 3B: Matt Cone
|
|
Now at SS: Jamie Locke
|
|
Batting: LHB Vince McLane
|
0-0: Called Strike 0-1: Ground out 4-3 (Groundball, 4S, EV 73.1 MPH)
|
Bottom of the 9th over - 0 runs, 0 hits, 0 errors, 2 left on base; Grand Junction 13 - Washington (APP) 9 |
|